% Time on Ice - EDMONTON ICE
Lines # - Real PCT - Wanted PCT - Time Play
Normal Forward
1 - 37% - 37% - 16:51
2 - 30% - 35% - 13:37
3 - 24% - 22% - 11:00
4 - 8% - 6% - 3:40
Normal Defense
1 - 34% - 36% - 15:29
2 - 35% - 34% - 15:43
3 - 25% - 23% - 11:10
4 - 6% - 7% - 2:46
PP Forward
1 - 54% - 60% - 3:02
2 - 46% - 40% - 2:32
PP Defense
1 - 60% - 55% - 3:19
2 - 40% - 45% - 2:15
PK Forward
1 - 55% - 55% - 5:08
2 - 45% - 45% - 4:10
PK Defense
1 - 50% - 55% - 4:40
2 - 50% - 45% - 4:38
PK3 Forward
1 - 0% - 55%
2 - 0% - 45%
PK3 Defense
1 - 0% - 55%
2 - 0% - 45%
44 Forward
1 - 0% - 55%
2 - 0% - 45%
44 Defense
1 - 0% - 55%
2 - 0% - 45%
Last Minute Offensive  - 0:00
Last Minute Defensive  - 0:00
Total
Forward - 60:00
Defense - 60:00
% Time on Ice - RENO LIONS
Lines # - Real PCT - Wanted PCT - Time Play
Normal Forward
1 - 34% - 35% - 15:20
2 - 35% - 35% - 15:58
3 - 20% - 20% - 9:15
4 - 10% - 10% - 4:35
Normal Defense
1 - 35% - 35% - 15:48
2 - 33% - 35% - 14:43
3 - 26% - 20% - 11:57
4 - 6% - 10% - 2:40
PP Forward
1 - 56% - 55% - 5:11
2 - 44% - 45% - 4:07
PP Defense
1 - 49% - 55% - 4:35
2 - 51% - 45% - 4:43
PK Forward
1 - 71% - 55% - 3:57
2 - 29% - 45% - 1:37
PK Defense
1 - 46% - 55% - 2:35
2 - 54% - 45% - 2:59
PK3 Forward
1 - 0% - 55%
2 - 0% - 45%
PK3 Defense
1 - 0% - 55%
2 - 0% - 45%
44 Forward
1 - 0% - 55%
2 - 0% - 45%
44 Defense
1 - 0% - 55%
2 - 0% - 45%
Last Minute Offensive  - 0:00
Last Minute Defensive  - 0:00
Total
Forward - 60:00
Defense - 60:00
Play-by-Play 1st period 0:01 of 1st period - Ryan O'Reilly wins face-off versus William Karlsson in neutral zone. 0:32 of 1st period - Shot by Evgeny Dadonov. 0:32 of 1st period - Stopped by Philipp Grubauer with a rebound. 0:37 of 1st period - William Karlsson is hit by Jeff Petry and loses puck. 0:46 of 1st period - Shot by William Karlsson. 0:46 of 1st period - Shot Misses the Net. 0:48 of 1st period - Shot by Oliver Ekman-Larsson. 0:48 of 1st period - Stopped by Philipp Grubauer without a rebound. 0:49 of 1st period - Max Domi wins face-off versus Valtteri Filppula in EDMONTON ICE zone. 0:50 of 1st period - Shot by Elias Pettersson. 0:50 of 1st period - Stopped by Philipp Grubauer without a rebound. 0:51 of 1st period - Valtteri Filppula wins face-off versus Max Domi in EDMONTON ICE zone. 0:51 of 1st period - Valtteri Filppula is hit by Elias Pettersson. 1:10 of 1st period - Shot by Valtteri Filppula. 1:10 of 1st period - Stopped by Thomas Greiss without a rebound. 1:11 of 1st period - Eric Fehr wins face-off versus Blake Coleman in RENO LIONS zone. 1:24 of 1st period - Shot by Conor Sheary. 1:24 of 1st period - Shot Misses the Net. 1:26 of 1st period - Shot by Casey Nelson. 1:26 of 1st period - Stopped by Thomas Greiss without a rebound. 1:27 of 1st period - Valtteri Filppula wins face-off versus Tomas Nosek in RENO LIONS zone. 1:27 of 1st period - Valtteri Filppula is hit by Ryan Pulock. 1:43 of 1st period - Shot by Ondrej Kase. 1:43 of 1st period - Goal by Ondrej Kase - EDMONTON ICE : 1 - RENO LIONS : 0. 1:44 of 1st period - Anders Lee wins face-off versus Conor Sheary in neutral zone. 1:53 of 1st period - Shot by Eric Fehr. 1:53 of 1st period - Stopped by Thomas Greiss without a rebound. 1:54 of 1st period - Max Domi wins face-off versus Loui Eriksson in RENO LIONS zone. 4:00 of 1st period - Off-side. 4:01 of 1st period - Valtteri Filppula wins face-off versus Tomas Nosek in neutral zone. 4:17 of 1st period - Ondrej Kase is hit by Drew Stafford and loses puck. 4:52 of 1st period - Conor Sheary is hit by Tomas Nosek and loses puck. 5:18 of 1st period - Icing by Oscar Klefbom. 5:19 of 1st period - Eric Fehr wins face-off versus William Karlsson in EDMONTON ICE zone. 5:19 of 1st period - Eric Fehr is hit by William Karlsson. 5:25 of 1st period - Shot by Pierre-Luc Dubois. 5:25 of 1st period - Shot Misses the Net. 5:27 of 1st period - Shot by Pierre-Luc Dubois. 5:27 of 1st period - Shot Misses the Net. 5:29 of 1st period - Shot by Pierre-Luc Dubois. 5:29 of 1st period - Shot Blocked by Oscar Klefbom. 5:31 of 1st period - Shot by William Karlsson. 5:31 of 1st period - Stopped by Philipp Grubauer without a rebound. 5:32 of 1st period - Ryan O'Reilly wins face-off versus Max Domi in EDMONTON ICE zone. 5:32 of 1st period - Ryan O'Reilly is hit by Elias Pettersson. 6:13 of 1st period - Shot by Max Domi. 6:13 of 1st period - Shot Misses the Net. 6:16 of 1st period - Max Domi is hit by Casey Nelson and loses puck. 6:56 of 1st period - Icing by Pierre-Luc Dubois. 6:57 of 1st period - William Karlsson wins face-off versus Conor Sheary in RENO LIONS zone. 7:22 of 1st period - Icing by Olli Maatta. 7:23 of 1st period - Valtteri Filppula wins face-off versus William Karlsson in RENO LIONS zone. 7:54 of 1st period - Shot by Ondrej Kase. 7:54 of 1st period - Shot Blocked by Oliver Ekman-Larsson. 7:56 of 1st period - Shot by Jeff Petry. 7:56 of 1st period - Shot Misses the Net. 7:58 of 1st period - Shot by Jeff Petry. 7:58 of 1st period - Goal by Jeff Petry - EDMONTON ICE : 2 - RENO LIONS : 0. 7:59 of 1st period - Ryan O'Reilly wins face-off versus Max Domi in neutral zone. 8:19 of 1st period - Shot by Ryan O'Reilly. 8:19 of 1st period - Stopped by Thomas Greiss with a rebound. 8:21 of 1st period - Shot by Ryan O'Reilly. 8:21 of 1st period - Goal by Ryan O'Reilly - EDMONTON ICE : 3 - RENO LIONS : 0. 8:22 of 1st period - Blake Coleman wins face-off versus Eric Fehr in neutral zone. 8:26 of 1st period - Alex Killorn is hit by Casey Nelson and loses puck. 8:44 of 1st period - Shot by Alex Killorn. 8:44 of 1st period - Deflect By Vincent Hinostroza. 8:44 of 1st period - Shot Blocked by Casey Nelson. 9:25 of 1st period - Ondrej Kase is hit by Oliver Ekman-Larsson and loses puck. 9:44 of 1st period - Shot by Pierre-Luc Dubois. 9:44 of 1st period - Shot Misses the Net. 9:54 of 1st period - Shot by Evgeny Dadonov. 9:54 of 1st period - Deflect By William Karlsson. 9:54 of 1st period - Shot Blocked by Jeff Petry. 10:06 of 1st period - Shot by Evgeny Dadonov. 10:06 of 1st period - Deflect By Pierre-Luc Dubois. 10:06 of 1st period - Stopped by Philipp Grubauer without a rebound. 10:07 of 1st period - Ryan O'Reilly wins face-off versus Max Domi in EDMONTON ICE zone. 10:07 of 1st period - Ryan O'Reilly is hit by Anders Lee. 10:18 of 1st period - Anthony Mantha is hit by Max Domi and loses puck. 10:43 of 1st period - Shot by Max Domi. 10:43 of 1st period - Stopped by Philipp Grubauer without a rebound. 10:44 of 1st period - Tomas Nosek wins face-off versus Conor Sheary in EDMONTON ICE zone. 10:50 of 1st period - Icing by Casey Nelson. 10:51 of 1st period - Eric Fehr wins face-off versus William Karlsson in EDMONTON ICE zone. 10:51 of 1st period - Conor Sheary is hit by Pierre-Luc Dubois and loses puck. 11:10 of 1st period - Shot by Pierre-Luc Dubois. 11:10 of 1st period - Shot Misses the Net. 11:12 of 1st period - Shot by William Karlsson. 11:12 of 1st period - Shot Misses the Net. 11:14 of 1st period - Shot by William Karlsson. 11:14 of 1st period - Stopped by Philipp Grubauer without a rebound. 11:15 of 1st period - Valtteri Filppula wins face-off versus Max Domi in EDMONTON ICE zone. 11:15 of 1st period - Valtteri Filppula is hit by Max Domi. 11:30 of 1st period - Valtteri Filppula is hit by Olli Maatta and loses puck. 11:37 of 1st period - Shot by Ondrej Kase. 11:37 of 1st period - Shot Misses the Net. 11:39 of 1st period - Shot by Andrew MacDonald. 11:39 of 1st period - Shot Blocked by Elias Pettersson. 11:41 of 1st period - Shot by Ondrej Kase. 11:41 of 1st period - Shot Blocked by Olli Maatta. 11:43 of 1st period - Shot by Valtteri Filppula. 11:43 of 1st period - Stopped by Thomas Greiss with a rebound. 11:54 of 1st period - Icing by Andrew MacDonald. 11:55 of 1st period - Valtteri Filppula wins face-off versus Blake Coleman in EDMONTON ICE zone. 11:55 of 1st period - Valtteri Filppula is hit by Blake Coleman. 12:06 of 1st period - Icing by Oliver Ekman-Larsson. 12:07 of 1st period - Ryan O'Reilly wins face-off versus Alex Killorn in RENO LIONS zone. 12:35 of 1st period - Shot by Anthony Mantha. 12:35 of 1st period - Stopped by Thomas Greiss with a rebound. 12:43 of 1st period - Icing by Jeff Petry. 12:44 of 1st period - William Karlsson wins face-off versus Ryan O'Reilly in EDMONTON ICE zone. 12:55 of 1st period - Shot by Evgeny Dadonov. 12:55 of 1st period - Stopped by Philipp Grubauer without a rebound. 12:56 of 1st period - Max Domi wins face-off versus Valtteri Filppula in EDMONTON ICE zone. 13:17 of 1st period - Shot by Elias Pettersson. 13:17 of 1st period - Shot Misses the Net. 13:19 of 1st period - Shot by Elias Pettersson. 13:19 of 1st period - Stopped by Philipp Grubauer with a rebound. 13:21 of 1st period - Shot by Robert Hagg. 13:21 of 1st period - Shot Blocked by Oscar Klefbom. 13:23 of 1st period - Shot by Elias Pettersson. 13:23 of 1st period - Shot Misses the Net. 13:25 of 1st period - Shot by Robert Hagg. 13:25 of 1st period - Goal by Robert Hagg - EDMONTON ICE : 3 - RENO LIONS : 1. 13:26 of 1st period - Eric Fehr wins face-off versus William Karlsson in neutral zone. 13:32 of 1st period - Icing by Jordie Benn. 13:33 of 1st period - Ryan O'Reilly wins face-off versus William Karlsson in RENO LIONS zone. 13:38 of 1st period - Shot by Ryan O'Reilly. 13:38 of 1st period - Stopped by Thomas Greiss with a rebound. 13:40 of 1st period - Shot by Jeff Petry. 13:40 of 1st period - Stopped by Thomas Greiss without a rebound. 13:41 of 1st period - William Karlsson wins face-off versus Ryan O'Reilly in RENO LIONS zone. 13:41 of 1st period - Minor Penalty to Anthony Mantha for Hooking. 13:42 of 1st period - Eric Fehr wins face-off versus Max Domi in EDMONTON ICE zone. 14:31 of 1st period - Elias Pettersson is hit by Jeff Petry and loses puck. 15:05 of 1st period - Shot by Pierre-Luc Dubois. 15:05 of 1st period - Stopped by Philipp Grubauer without a rebound. 15:06 of 1st period - William Karlsson wins face-off versus Valtteri Filppula in EDMONTON ICE zone. 15:19 of 1st period - Shot by William Karlsson. 15:19 of 1st period - Shot Misses the Net. 15:21 of 1st period - Shot by William Karlsson. 15:21 of 1st period - Shot Misses the Net. 15:23 of 1st period - Shot by Olli Maatta. 15:23 of 1st period - Shot Blocked by Colton Parayko. 15:27 of 1st period - Shot by William Karlsson. 15:27 of 1st period - Stopped by Philipp Grubauer without a rebound. 15:28 of 1st period - Eric Fehr wins face-off versus Max Domi in EDMONTON ICE zone. 15:45 of 1st period - Robert Hagg is hit by Casey Nelson. 15:50 of 1st period - Tomas Nosek is hit by Casey Nelson and loses puck. 16:02 of 1st period - Minor Penalty to Patric Hornqvist for Roughing. 16:03 of 1st period - Valtteri Filppula wins face-off versus Max Domi in EDMONTON ICE zone. 17:12 of 1st period - Off-side. 17:13 of 1st period - William Karlsson wins face-off versus Eric Fehr in neutral zone. 17:18 of 1st period - Shot by Pierre-Luc Dubois. 17:18 of 1st period - Stopped by Philipp Grubauer with a rebound. 17:20 of 1st period - Shot by William Karlsson. 17:20 of 1st period - Deflect By Pierre-Luc Dubois. 17:20 of 1st period - Shot Misses the Net. 17:22 of 1st period - Shot by Jordie Benn. 17:22 of 1st period - Shot Misses the Net. 17:42 of 1st period - Shot by William Karlsson. 17:42 of 1st period - Shot Misses the Net. 17:44 of 1st period - Shot by William Karlsson. 17:44 of 1st period - Stopped by Philipp Grubauer without a rebound. 17:45 of 1st period - Max Domi wins face-off versus Valtteri Filppula in EDMONTON ICE zone. 18:06 of 1st period - Shot by Alex Killorn. 18:06 of 1st period - Stopped by Philipp Grubauer without a rebound. 18:07 of 1st period - Ryan O'Reilly wins face-off versus Blake Coleman in EDMONTON ICE zone. 18:21 of 1st period - Off-side. 18:22 of 1st period - Evgeny Dadonov wins face-off versus Valtteri Filppula in neutral zone. 18:27 of 1st period - Shot by William Karlsson. 18:27 of 1st period - Stopped by Philipp Grubauer with a rebound. 19:56 of 1st period - Shot by Max Domi. 19:56 of 1st period - Deflect By Elias Pettersson. 19:56 of 1st period - Shot Blocked by Oscar Klefbom. Goals for this period are 3 for EDMONTON ICE vs 1 for RENO LIONS. Shots for this period are 11 for EDMONTON ICE vs 16 for RENO LIONS. 2nd period 0:01 of 2nd period - William Karlsson wins face-off versus Ryan O'Reilly in neutral zone. 0:20 of 2nd period - Shot by Evgeny Dadonov. 0:20 of 2nd period - Stopped by Philipp Grubauer without a rebound. 0:21 of 2nd period - Max Domi wins face-off versus Valtteri Filppula in EDMONTON ICE zone. 0:21 of 2nd period - Elias Pettersson is hit by Colton Parayko and loses puck. 0:48 of 2nd period - Shot by Max Domi. 0:48 of 2nd period - Stopped by Philipp Grubauer without a rebound. 0:49 of 2nd period - Ryan O'Reilly wins face-off versus William Karlsson in EDMONTON ICE zone. 1:24 of 2nd period - Anthony Mantha is hit by Ryan Pulock and loses puck. 1:52 of 2nd period - Icing by Jeff Petry. 1:53 of 2nd period - Eric Fehr wins face-off versus Max Domi in EDMONTON ICE zone. 2:38 of 2nd period - Shot by Max Domi. 2:38 of 2nd period - Stopped by Philipp Grubauer without a rebound. 2:39 of 2nd period - Blake Coleman wins face-off versus Valtteri Filppula in EDMONTON ICE zone. 2:44 of 2nd period - Shot by Alex Killorn. 2:44 of 2nd period - Stopped by Philipp Grubauer without a rebound. 2:45 of 2nd period - Ryan O'Reilly wins face-off versus Blake Coleman in EDMONTON ICE zone. 2:47 of 2nd period - Icing by Anthony Mantha. 2:48 of 2nd period - William Karlsson wins face-off versus Anthony Mantha in EDMONTON ICE zone. 3:07 of 2nd period - Shot by Anthony Mantha. 3:07 of 2nd period - Shot Misses the Net. 3:09 of 2nd period - Shot by